 Dungeon Crawl Stone Soup version 0.23-a0-663-g304f35b (webtiles) character file.

76 Blackhawk the Poker (level 4, 9/37 HPs)
             Began as a Merfolk Monk on Jan 7, 2019.
             Quit the game on level 2 of the Dungeon.
             The game lasted 00:02:48 (1500 turns).

Blackhawk the Poker (Merfolk Monk)                  Turns: 1500, Time: 00:02:48

Health: 9/37       AC:  2    Str: 12    XL:     4   Next: 32%
Magic:  4/4        EV: 15    Int:  9    God:
Gold:   32         SH:  0    Dex: 16    Spells: 3/3 levels left

rFire    . . .     SeeInvis .   a - +0 spear
rCold    . . .     Gourm    .   (no shield)
rNeg     . . .     Faith    .   b - +0 robe
rPois    .         Spirit   .   (no helmet)
rElec    .         Reflect  .   (no cloak)
rCorr    .         Harm     .   (no gloves)
MR       .....                  (no boots)
Stlth    ++........             (no amulet)
HPRegen  0.12/turn              (no ring)
MPRegen  0.09/turn              (no ring)

@: mildly poisoned (9 -> 6)
A: change form in water, swift swim, stealthy swim
a: no special abilities


You were on level 2 of the Dungeon.
You were not hungry.

You visited 1 branch of the dungeon, and saw 2 of its levels.

You collected 32 gold pieces.

Inventory:

Hand Weapons
 a - a +0 spear (weapon)
Armour
 b - a +0 robe (worn)
Jewellery
 g - an uncursed ring of poison resistance {unknown}
Scrolls
 e - a scroll of blinking {unknown}
 h - a scroll of amnesia {unknown}
 i - a scroll of enchant armour {unknown}
 j - 2 scrolls of identify {unknown}
Potions
 f - 2 potions of berserk rage {unknown}
 k - a potion of agility {unknown}
 l - a potion of curing {unknown}
Comestibles
 c - 5 rations
 d - 5 chunks of flesh


   Skills:
 + Level 3.9 Fighting
 + Level 5.3 Polearms
 + Level 0.5 Armour
 + Level 4.8 Dodging
 - Level 2.7 Stealth


You had 3 spell levels left.
You didn't know any spells.
Your spell library was empty.

Dungeon Overview and Level Annotations

Branches:
Dungeon (2/15)

Altars:

Annotations:
D:2 Jessica, Terence


Message History

The adder barely misses you. The hobgoblin barely misses you. The bat hits you.
The bat misses you. The bat barely misses you.
The bat hits you but does no damage. The adder completely misses you.
The bat hits you but does no damage.
You hit the bat but do no damage.
You hear a zap.
Some rock shatters into small pieces.
The bat barely misses you. The adder misses you.
You hit the bat.
The bat is moderately wounded.
The bat barely misses you. x2; The hobgoblin closely misses you.
The adder bites you.
You are poisoned.
The adder poisons you!
You hit the adder.
The adder is lightly wounded.
You feel sick.
The bat closely misses you. x2; The adder barely misses you.
The hobgoblin hits you with a +0 club.
* * * LOW HITPOINT WARNING * * *
Are you sure you want to abandon this character and quit the game? (Confirm

### ## ... ##. ##.. # ##..#
..... ... ...###
.#...####..#.##g###############
.......l.##..@sS@b..).........#
..............r##############.#
.........#.(.#.# #.#
.#.=.........#รท# #.#
#....#......#.# #.#
......#...#..#.# #.#
.....^.......#.# #.###
..###....@...... #.... .
#........... #####


You could see Terence, an adder, a giant cockroach, a hobgoblin, a bat and a
rat.

Vanquished Creatures
  Natasha (D:2)
  An adder (D:2)
  A worm (D:2)
  2 dart slugs
  2 bats (D:1)
  2 giant cockroaches
  2 goblins
  5 hobgoblins
  5 jackals
  2 frilled lizards (D:2)
  3 kobolds
  8 rats
34 creatures vanquished.

Notes
Turn   | Place    | Note
-------+----------+-------------------------------------------
     0 | D:1      | Blackhawk the Merfolk Monk began the quest for the Orb.
     0 | D:1      | Reached XP level 1. HP: 18/18 MP: 1/1
   153 | D:1      | Reached XP level 2. HP: 18/24 MP: 2/2
   662 | D:2      | Reached XP level 3. HP: 26/29 MP: 3/3
  1054 | D:2      | Noticed Natasha
  1072 | D:2      | Killed Natasha
  1072 | D:2      | Reached skill level 5 in Polearms
  1072 | D:2      | Reached XP level 4. HP: 17/37 MP: 4/4
  1348 | D:2      | Noticed Terence
  1475 | D:2      | Noticed Jessica
  1500 | D:2      | Quit the game

Vault maps used:
D:1:      matt_arrival_diagonals
D:2:      uniq_terence, uniq_natasha, uniq_jessica

Skill      XL: |  1  2  3 |
---------------+----------+-----
Polearms       | 5 |  5.3
Fighting       | |  3.9
Armour         | |  0.5
Dodging        | |  4.8
Stealth        | |  2.7

Action                   |  1- 3 |  4- 6 || total
-------------------------+-------+-------++-------
Melee: Spear             |   103 |    40 ||   143
 Stab: Sleeping          |     9 |     1 ||    10
  Eat: Chunk             |       |     2 ||     2
Armor: Robe              |     6 |    12 ||    18
Dodge: Dodged            |    36 |    50 ||    86

Table legend:
 A = Non-vault XP
 B = Vault XP
 C = Vault XP percentage of total XP
 D = Non-vault monster count
 E = Vault monster count
 F = Vault count percentage of total count
                 A         B        C        D         E       F
            +---------+---------+-------+---------+---------+-------
      Total |      73 |      36 |  33.0 |      33 |       1 |   2.9
            +---------+---------+-------+---------+---------+-------
        D:1 |      32 |       0 |   0.0 |      18 |       0 |   0.0
        D:2 |      41 |      36 |  46.8 |      15 |       1 |   6.2
            +---------+---------+-------+---------+---------+-------
